 Dungeon Crawl Stone Soup version 0.32-a0-909-gc671339a80 (webtiles) character file.

Game seed: 6386560353772050343

418 mopl the Slasher (level 6, -2/48 HPs)
             Began as a Merfolk Fighter on Apr 6, 2024.
             Killed by divine providence
             ... invoked by an orc priest
              (11 damage)
             ... on level 4 of the Dungeon.
             The game lasted 00:03:54 (2471 turns).

mopl the Slasher (Merfolk Fighter)                  Turns: 2471, Time: 00:03:54

Health: -2/48      AC: 12    Str: 18    XL:     6   Next: 93%
Magic:  6/6        EV:  4    Int:  8    God:
Gold:   82         SH:  4    Dex: 13    Spells: 5/5 levels left

rFire   . . .        b - +9 mace of the Hand {freeze, rElec}
rCold   . . .        c - +0 buckler
rNeg    . . .        s - +0 plate armour
rPois   .            x - +0 helmet
rElec   +            (no cloak)
rCorr   .            (no gloves)
SInv    .            (no boots)
Will    +....        (no amulet) Stlth
                     m - ring of willpower
HPRegen 0.28/turn    (no ring)
MPRegen 0.10/turn

%: no passive effects
@: no status effects
A: (nimble swimmer 2), mertail
a: Convert to Beogh


You were on level 4 of the Dungeon.
You visited 1 branch of the dungeon, and saw 4 of its levels.

You collected 203 gold pieces.
You spent 121 gold pieces at shops.

Inventory:

Hand Weapons
 a - a +0 long sword
 b - the +9 mace of the Hand (weapon) {freeze, rElec}
   (You found it on level 2 of the Dungeon)

   rElec:     It insulates you from electricity.
 t - a +0 spear of venom
Missiles
 g - 2 poisoned darts (quivered)
 p - 2 throwing nets
 q - a boomerang
 r - 2 javelins
Armour
 c - a +0 buckler (worn)
 s - a +0 plate armour (worn)
 x - a +0 helmet (worn)
Jewellery
 m - a ring of willpower (left hand)
 A - a ring of fire
Wands
 w - a wand of mindburst (19)
Scrolls
 j - a scroll of teleportation {unknown}
 k - a scroll of identify {unknown}
 u - a scroll of vulnerability {unknown}
 v - a scroll of acquirement {unknown}
 y - a scroll of poison {unknown}
Potions
 d - a potion of might
 e - a potion of haste {unknown}
 f - 2 potions of ambrosia
 h - a potion of lignification {unknown}
 i - a potion of enlightenment {unknown}
 l - a potion of invisibility {unknown}
 n - a potion of degeneration {unknown}
 o - 3 potions of curing {unknown}
 z - a potion of attraction


   Skills:
 + Level 3.9 Fighting
 * Level 6.9 Long Blades
 + Level 1.5 Throwing
 + Level 2.6 Armour
 + Level 2.1 Dodging
 - Level 3.0 Shields
 + Level 1.3 Evocations


You had 5 spell levels left.
You didn't know any spells.
Your spell library was empty.

Dungeon Overview and Level Annotations

Branches:
Dungeon (4/15)
 Temple: D:4-7

Altars:

Shops:
D:3 !


Innate Abilities, Weirdness & Mutations

((You are very nimble when in or above water. (Stealth+, EV+, Speed+++)))
Your lower body shifts to a powerful aquatic tail in water.


Message History

The orc priest barely misses you.
The orc priest mumbles some strange prayers to Beogh against you.
Beogh smites you!
The orc priest shouts, "Beogh offers mercy even to people such as you.
Join us and be reborn!" (press Y on the ability menu to convert to Beogh)
You sock the orc! You freeze the orc.
You kill the orc!
You block the adder's attack.
Your Dodging skill increases to level 2!
Unknown command.
You barely miss the adder. The adder bites you but does no damage.
The orc priest mumbles some strange prayers to Beogh against you.
Beogh smites you! The adder bites you but does no damage.
You sock the adder! You freeze the adder.
You kill the adder!
The orc priest shouts, "Beogh offers mercy even to people such as you.
Join us and be reborn!"
The iguana bites you but does no damage.
Unknown command.
You barely miss the iguana.
The iguana bites you but does no damage.
You hit the iguana but do no damage. The iguana bites you.
You sock the iguana!
The iguana seems to slow down.
You freeze the iguana.
The iguana is almost dead.
You block the iguana's attack.
You hit the iguana. You freeze the iguana.
You kill the iguana!
You thump the hobgoblin! You freeze the hobgoblin.
You kill the hobgoblin!
The orc completely misses you.
The orc priest invokes the aid of Beogh against you.
Beogh smites you!
* * * LOW HITPOINT WARNING * * *
You sock the orc! You freeze the orc.
You kill the orc!
You closely miss the orc priest.
The orc priest hits you with a +0 hand axe.
* * * LOW HITPOINT WARNING * * *
The orc priest calls down the wrath of Beogh upon you.
Beogh smites you!
You die...

.....##.......##
###.......$.....#
.................# .
................### ..
................. ...
#.##...........#.....
####.#...†............(.
...............###......
#.............o@.......
...##....####))####.....
####(..#.##...... ...
...)...#..#.....S.# .
####.####.........!g
#..#####...........
###<.................
#....######..........
######


You could see an orc priest.

Vanquished Creatures
  A phantom (D:4)
  An iguana (D:4)
  A sleepcap (D:3)
  Ijyb (D:3)
  An orc wizard (D:4)
  Robin (D:3)
  7 gnolls
  6 adders
  3 dart slugs
  A ribbon worm (D:4)
  6 orcs
  8 endoplasms
  3 giant cockroaches
  8 hobgoblins
  3 quokkas
  7 ball pythons
  7 bats
  9 frilled lizards
  20 goblins
  6 kobolds
  5 rats
105 creatures vanquished.

Notes
Turn   | Place    | Note
-------+----------+-------------------------------------------
     0 | D:1      | mopl the Merfolk Fighter began the quest for the Orb.
     0 | D:1      | Reached XP level 1. HP: 18/18 MP: 1/1
    60 | D:1      | Reached skill level 3 in Long Blades
   111 | D:1      | Reached XP level 2. HP: 17/24 MP: 2/2
   276 | D:1      | Reached skill level 4 in Long Blades
   326 | D:1      | Reached XP level 3. HP: 29/29 MP: 3/3
   750 | D:2      | Found a faded altar of an unknown god.
   936 | D:1      | Reached skill level 5 in Long Blades
   939 | D:1      | Reached XP level 4. HP: 10/35 MP: 4/4
  1310 | D:2      | Identified the +9 mace of the Hand {freeze, rElec}
  1615 | D:2      | Reached skill level 6 in Long Blades
  1615 | D:2      | Reached XP level 5. HP: 40/41 MP: 5/5
  1943 | D:3      | Noticed Ijyb
  2003 | D:3      | Killed Ijyb
  2004 | D:3      | Reached skill level 1 in Dodging
  2070 | D:3      | Noticed Robin
  2071 | D:3      | Found Feugeech's Distillery.
  2080 | D:3      | Killed Robin
  2085 | D:3      | Reached XP level 6. HP: 42/47 MP: 6/6
  2111 | D:3      | Bought a potion of attraction for 33 gold pieces
  2111 | D:3      | Bought a potion of ambrosia for 88 gold pieces
  2222 | D:3      | Reached skill level 1 in Throwing
  2389 | D:4      | Reached skill level 1 in Evocations
  2463 | D:4      | Reached skill level 2 in Dodging
  2471 | D:4      | Killed from afar by an orc priest

Illustrated notes

Levels and vault maps discovered:
D:1:      roderic_crossed_star, layout_loops_ring
D:2:      wad_woods_pond, layout_basic, chequers_ecumenical_altar_simple,
          columned_hall_lemuel, hex_tiny
D:3:      layout_rooms, serial_shops, shop_statue, hellmonk_no_cap, uniq_robin,
          uniq_ijyb
D:4:      layout_rooms, lemuel_zombie_altar_kikubaaqudgha

Skill      XL: |  1  2  3  4  5  6 |
---------------+-------------------+-----
Long Blades    | 3 4 5 6 |  6.9
Dodging        | 1 2 |  2.1
Throwing       | 1 |  1.5
Evocations     | 1 |  1.3
Fighting       | |  3.9
Armour         | |  2.6
Shields        | |  3.0

Action                     |  1- 3 |  4- 6 || total
---------------------------+-------+-------++-------
  Melee: Long sword        |   105 |    49 ||   154
         Mace              |       |   118 ||   118
 Armour: Scale mail        |    83 |    21 ||   104
         Plate armour      |       |   128 ||   128
  Dodge: Dodged            |    45 |    55 ||   100
  Block: Buckler           |    20 |    43 ||    63

Table legend: (Time is in decaauts)
 A = Elapsed time spent in this place.
 B = Non-inter-level travel time spent in this place.
 C = Inter-level travel time spent in this place.
 D = Time resting spent in this place.
 E = Time spent auto-exploring this place.
 F = Levels seen in this place.
 G = Mean time per level.
                   A        B        C        D        E       F      G
               +--------+--------+--------+--------+--------+-----+--------+
         Total |   2548 |   2453 |     95 |    289 |   1452 |   4 |  637.0 |
       Dungeon |   2548 |   2453 |     95 |    289 |   1452 |   4 |  637.0 |
               +--------+--------+--------+--------+--------+-----+--------+

Top non-repeatable levels by time:
     D:2: 1056 daAuts
     D:1: 967 daAuts
     D:3: 412 daAuts
     D:4: 111 daAuts
